 Dungeon Crawl Stone Soup version 0.24-a0-176-gc3651c4 (webtiles) character file.

Game seed: 2616078163838835083

38 tilp the Cudgeler (level 3, -1/28 (29) HPs)
             Began as a Demonspawn Chaos Knight on Mar 12, 2019.
             Was a Plaything of Xom.
             Succumbed to a death drake's dark miasma
             ... on level 1 of the Dungeon.
             The game lasted 00:02:30 (584 turns).

tilp the Cudgeler (Demonspawn Chaos Knight)          Turns: 584, Time: 00:02:31

HP:   -1/28 (29)    AC:  5    Str: 18    XL:     3   Next: 25%
MP:   3/3           EV: 11    Int: 13    God:    Xom [*.....]
Gold: 75            SH:  0    Dex: 12    Spells: 2/2 levels left

rFire    . . .     SeeInvis .   a - +0 mace (chaos)
rCold    . . .     Gourm    .   (no shield)
rNeg     . . .     Faith    .   b - +2 leather armour
rPois    .         Spirit   .   (no helmet)
rElec    .         Reflect  .   (no cloak)
rCorr    .         Harm     .   (no gloves)
MR       .....                  (no boots)
Stlth    +.........             (no amulet)
HPRegen  0.09/turn              (no ring)
MPRegen  0.08/turn              (no ring)

@: mighty, lethally poisoned (-1 -> -49), slowed, very slow
A: spiny 1
a: Renounce Religion


You were on level 1 of the Dungeon.
You worshipped Xom.
You were a special plaything of Xom.
You were not hungry.

You visited 1 branch of the dungeon, and saw 1 of its levels.

You collected 75 gold pieces.

Inventory:

Hand Weapons
 a - a +0 mace of chaos (weapon)
Missiles
 f - 70 stones
 h - 5 tomahawks (quivered)
Armour
 b - a +2 leather armour (worn)
Scrolls
 g - a scroll of identify {unknown}
 i - 2 scrolls of remove curse {unknown}
 j - a scroll of teleportation {unknown}
Comestibles
 c - 2 rations
 d - a chunk of flesh


   Skills:
 - Level 3.0 Fighting
 + Level 4.0 Maces & Flails
 - Level 1.7 Armour
 - Level 0.8 Dodging


You had 2 spell levels left.
You didn't know any spells.
Your spell library was empty.

Dungeon Overview and Level Annotations

Branches:
Dungeon (1/15)

Altars:


Innate Abilities, Weirdness & Mutations

You are partially covered in sharp spines.


Message History

There is a stone staircase leading down here.
You see here a rat skeleton.
You now have 75 gold pieces (gained 10).
A swamp dragon comes into view.
The swamp dragon roars deafeningly!
The swamp dragon changes into a death drake!
The death drake breathes miasma at you.
You are engulfed in dark miasma.
You are lethally poisoned!
You feel yourself slow down.
You feel very sick.
It was a potion of might.
You feel very mighty all of a sudden.
Xom is mildly amused.
You are engulfed in dark miasma.
You are more poisoned.
You feel your flesh rotting away!
You feel very sick.
* * * LOW HITPOINT WARNING * * *
You feel very sick.
You die...
Xom chuckles heartily!

####### ############...k..
#....°k○.....###.#
#.############ #.# #.# #.#
#@# #.# #.# #.#
##########.#### #.#
#.............# #..
#.#####.#.###.############.
#.# #.#.# #.......).....#
#.#####.#.###.##########.##
#.#.....#.....###########.#
#.#.#####.#.####.§§§§§§§§..


There were no monsters in sight!

Vanquished Creatures
  A gnoll (D:1)
  3 dart slugs (D:1)
  5 bats (D:1)
  3 giant cockroaches (D:1)
  4 hobgoblins (D:1)
  A ball python (D:1)
  A frilled lizard (D:1)
  3 kobolds (D:1)
  3 rats (D:1)
24 creatures vanquished.

Notes
Turn   | Place    | Note
-------+----------+-------------------------------------------
     0 | D:1      | tilp the Demonspawn Chaos Knight began the quest for the
                  | Orb.
     0 | D:1      | Reached XP level 1. HP: 18/18 MP: 1/1
    45 | D:1      | Reached skill level 3 in Maces & Flails
    89 | D:1      | Gained mutation: You are partially covered in sharp spines.
                  | [demonic ancestry]
    89 | D:1      | Reached XP level 2. HP: 24/24 MP: 2/2
   148 | D:1      | XOM: divination: detect items
   219 | D:1      | Reached XP level 3. HP: 25/29 MP: 3/3
   278 | D:1      | XOM: cloud trail
   396 | D:1      | Noticed a glowing shapeshifter
   396 | D:1      | a ball python changed into a glowing shapeshifter
   396 | D:1      | Noticed an anaconda
   396 | D:1      | a glowing shapeshifter changed into an anaconda
   397 | D:1      | Noticed a sea snake
   397 | D:1      | an anaconda changed into a sea snake
   401 | D:1      | Noticed a dream sheep
   401 | D:1      | a sea snake changed into a dream sheep
   404 | D:1      | Noticed a shining eye
   404 | D:1      | a dream sheep changed into a shining eye
   410 | D:1      | Noticed a wind drake
   428 | D:1      | Reached skill level 4 in Maces & Flails
   575 | D:1      | Noticed a swamp dragon
   577 | D:1      | Noticed a death drake
   577 | D:1      | a swamp dragon changed into a death drake
   584 | D:1      | Succumbed to a death drake's dark miasma

Levels and vault maps discovered:
D:1:      lightli_arrival_statue_moat, layout_loops_ring

Skill      XL: |  1  2  3 |
---------------+----------+-----
Maces & Flails | 3 4 |  4.0
Fighting       | |  3.0
Armour         | |  1.7
Dodging        | |  0.8

Action                   || total
-------------------------++-------
Melee: Mace              ||    51
  Use: Potion            ||     1
Armor: Leather armour    ||    27
Dodge: Dodged            ||    23

Table legend:
 A = Non-vault XP
 B = Vault XP
 C = Vault XP percentage of total XP
 D = Non-vault monster count
 E = Vault monster count
 F = Vault count percentage of total count
                 A         B        C        D         E       F
            +---------+---------+-------+---------+---------+-------
      Total |      55 |       0 |   0.0 |      24 |       0 |   0.0
            +---------+---------+-------+---------+---------+-------
        D:1 |      55 |       0 |   0.0 |      24 |       0 |   0.0
            +---------+---------+-------+---------+---------+-------
